 Dungeon Sprint DCSS version 0.21.1-1-g345015fe64 (webtiles) character file.

2141 Groucho the Imperceptible (level 9, -4/49 HPs)
             Began as a Felid Wanderer on Feb 16, 2018.
             Was a Priest of Trog.
             Engulfed by a cloud of freezing vapour (14 damage)
             ... in the Dungeon (Sprint I: "Red Sonja") on Feb 17, 2018.
             The game lasted 00:15:18 (2865 turns).

Groucho the Imperceptible (Felid Wanderer)          Turns: 2865, Time: 00:15:19

Health: -4/49      AC:  2    Str:  8    XL:     9   Next: 9%
Magic:  10/10      EV: 33    Int: 11    God:    Trog [***...]
Gold:   1801       SH:  0    Dex: 22    Spells: 8/8 levels left
                                        Lives:  0   Deaths: 3

rFire    + . .     SeeInvis +     - Unarmed
rCold    . . .     Gourm    .   (shield unavailable)
rNeg     + . .     Faith    .   (armour unavailable)
rPois    .         Spirit   .   (helmet unavailable)
rElec    +         Reflect  .   (cloak unavailable)
rCorr    .         Harm     .   (gloves unavailable)
MR       +....     NoTele   +   (boots unavailable)
Stlth    +++++++++.             (no amulet)
HPRegen  0.16/turn              i - ring of stealth
MPRegen  0.12/turn              p - ring of Kuanaror {*Contam rElec rF+ rN+ SInv}

@: quick
A: very small, no armour, no weapons or thrown items, stealth, claws 1, fangs 3,
see invisible, carnivore, speed 1, shaggy fur 2, slow metabolism 1, sharp paws
a: Berserk, Trog's Hand, Burn Spellbooks, Renounce Religion


You were in the Dungeon.
You worshipped Trog.
Trog was most pleased with you.
You were not hungry.

You visited 1 branch You collected 3049 gold pieces.
You spent 1248 gold pieces at shops.

Inventory:

Jewellery
 f - an uncursed ring of stealth
 i - a ring of stealth (left paw)
 o - an uncursed ring of poison resistance
 p - the ring of Kuanaror (right paw) {*Contam rElec rF+ rN+ SInv}
   (You bought it in a shop in the Dungeon)

   [ring of positive energy]

   It protects you from fire.
   It insulates you from electricity.
   It protects you from negative energy.
   It lets you see invisible.
   It causes magical contamination when unequipped.
Wands
 d - a wand of random effects (15)
 j - a wand of digging (8)
Scrolls
 a - a scroll of fear
 b - a scroll of blinking
 e - 2 scrolls of remove curse
Potions
 c - a potion of lignification
 g - a potion of ambrosia {unknown}
 h - 2 potions of magic
 l - a potion of might
 m - a potion of agility {unknown}
 n - a potion of invisibility {unknown}


   Skills:
 + Level 12.0 Fighting
 + Level 14.6 Dodging
 - Level 23.2 Stealth
 * Level 12.8 Unarmed Combat
 - Level 1.1 Evocations


You had 8 spell levels left.
You didn't know any spells.

Dungeon Overview and Level Annotations

Branches:
Dungeon (1/1)

Altars:
Cheibriados
Dithmenos
Elyvilon
Fedhas
Gozag
Hepliaklqana
Kikubaaqudgha
Makhleb
Nemelex Xobeh
Okawaru
Qazlal
Ru
Sif Muna
Trog
Uskayaw
Vehumet
Wu Jian
Xom
Yredelemnul
Zin
The Shining One
Jiyva
Lugonu

Shops:
D (=(%:?[:}*[=(?[[*


Innate Abilities, Weirdness & Mutations

You cannot wear armour.
You are incapable of wielding weapons or throwing items.
Your paws allow you to move quietly. (Stealth)
You have sharp claws.
You have razor-sharp teeth.
You have supernaturally acute eyesight. (SInv)
You are carnivorous and can eat meat at any time.
You cover ground quickly.
You are covered in thick fur. (AC +2)
You have a slow metabolism.
Your sharp claws are effective at attacking unaware monsters.


Message History

Found 27 gold pieces.
You now have 1649 gold pieces (gained 27).
Found 27 gold pieces.
You now have 1676 gold pieces (gained 27).
Found 54 gold pieces.
You now have 1703 gold pieces (gained 27).
Found 54 gold pieces.
You now have 1730 gold pieces (gained 27).
You are engulfed in freezing vapours.
Ouch! That really hurt!
Found 54 gold pieces.
You now have 1757 gold pieces (gained 27).
Found 54 gold pieces.
You now have 1784 gold pieces (gained 27).
Found 54 gold pieces.
You now have 1801 gold pieces (gained 17).
You are engulfed in freezing vapours.
* * * LOW HITPOINT WARNING * * *
You are engulfed in freezing vapours.
You die...

##§§§§# #$$$.#
###+## #$$$.#
#.####+#$$$.#
##'#§§.§##$$.#
##..§..§§§##$.#
#..§.§D^...#).#
#...^^D†§..##§#
#.§§...O.....#§#
#.....[......#@#
##.§........##$#
#$$$$$$$$$$#$$#
##$$$$$$$$##$$#
##!(?([$##$$§#
########.§§§#
.§§§# §§.§§#


There were no monsters in sight!

Vanquished Creatures
  2 centaur warriors (D)
  2 unseen horrors (D)
  A deep troll (D)
  A lindwurm (D)
  An oklob plant (D)
  2 kobold demonologists (D)
  A demonic crawler (D)
  A hornet (D)
  A slime creature (D)
  2 redbacks (D)
  Sigmund (D)
  A yak (D)
  12 hogs (D)
  2 floating eyes (D)
  7 necrophages (D)
  An ogre (D)
  8 jellies (D)
  Ijyb (D)
47 creatures vanquished.

Vanquished Creatures (collateral kills)
  A hydra (D)
  Sonja (D)
  3 demonic crawlers (D)
  A hog (D)
  A floating eye (D)
  A ballistomycete spore (D)
8 creatures vanquished.

Vanquished Creatures (others)
  A gargoyle (D)
  A ballistomycete spore (D)
2 creatures vanquished.

Grand Total: 57 creatures vanquished

Notes
Turn   | Place    | Note
-------+----------+-------------------------------------------
     0 | D        | Groucho the Felid Wanderer began the quest for the Orb.
     0 | D        | Groucho set off with: a scroll of fear, 2 potions of heal wounds, a potion of lignification, a wand of random effects (15), a potion of curing, a ration, a potion of haste, 2 potions of magic, a potion of berserk rage, a scroll of blinking
     0 | D        | Reached XP level 1. HP: 10/10 MP: 2/2
     2 | D        | Noticed Ijyb
     8 | D        | Killed Ijyb
     8 | D        | Reached skill level 8 in Stealth
     8 | D        | Reached XP level 2. HP: 14/14 MP: 3/3
    16 | D        | Noticed an ogre
   158 | D        | Killed an ogre
   158 | D        | Reached skill level 12 in Stealth
   158 | D        | Reached XP level 3. HP: 17/17 MP: 4/4
   158 | D        | Reached XP level 4. HP: 21/21 MP: 5/5
   178 | D        | Noticed Sigmund
   218 | D        | Killed Sigmund
   218 | D        | Reached skill level 16 in Stealth
   218 | D        | Reached XP level 5. HP: 24/24 MP: 6/6
   232 | D        | Found a deep blue altar of Sif Muna.
   233 | D        | Found an ornate altar of the Wu Jian Council.
   234 | D        | Found a radiant altar of Vehumet.
   238 | D        | Gained mutation: You are covered in thick fur. (AC +2) [Felid growth]
   238 | D        | Reached XP level 6. HP: 28/28 MP: 7/7
   251 | D        | Found Tasoanai's Jewellery Emporium.
   251 | D        | Found an ancient bone altar of Kikubaaqudgha.
   251 | D        | Found a hazy altar of Hepliaklqana.
   251 | D        | Found a stormy altar of Qazlal.
   251 | D        | Found a hide-covered altar of Uskayaw.
   251 | D        | Found a blossoming altar of Fedhas.
   251 | D        | Found a bloodstained altar of Trog.
   251 | D        | Found an iron altar of Okawaru.
   251 | D        | Found a basalt altar of Yredelemnul.
   251 | D        | Found a glowing golden altar of the Shining One.
   251 | D        | Found a snail-covered altar of Cheibriados.
   251 | D        | Found a sacrificial altar of Ru.
   251 | D        | Found a glowing silver altar of Zin.
   251 | D        | Found a shadowy altar of Dithmenos.
   251 | D        | Found a white marble altar of Elyvilon.
   251 | D        | Noticed a yak
   252 | D        | Found an opulent altar of Gozag.
   253 | D        | Killed a yak
   253 | D        | Reached skill level 18 in Stealth
   254 | D        | Found a sparkling altar of Nemelex Xobeh.
   259 | D        | Became a worshipper of Trog the Wrathful
   301 | D        | Found a burning altar of Makhleb.
   301 | D        | Found a viscous altar of Jiyva.
   301 | D        | Found a shimmering altar of Xom.
   301 | D        | Found a corrupted altar of Lugonu.
   301 | D        | Noticed a slime creature
   301 | D        | Killed a gargoyle
   304 | D        | Killed a slime creature
   304 | D        | Reached skill level 20 in Stealth
   304 | D        | Reached XP level 7. HP: 31/31 MP: 8/8
   318 | D        | Noticed a kobold demonologist
   319 | D        | Noticed a kobold demonologist
   323 | D        | Paralysed by a floating eye for 2 turns
   332 | D        | Paralysed by a floating eye for 3 turns
   347 | D        | Killed a kobold demonologist
   347 | D        | Reached * piety under Trog
   347 | D        | Reached skill level 5 in Dodging
   349 | D        | Killed a kobold demonologist
   349 | D        | Reached ** piety under Trog
   349 | D        | Reached skill level 5 in Fighting
   349 | D        | Reached skill level 5 in Unarmed Combat
   349 | D        | Reached XP level 8. HP: 37/37 MP: 9/9
   374 | D        | Noticed a centaur warrior
   374 | D        | Noticed a centaur warrior
   375 | D        | Killed a centaur warrior
   375 | D        | Reached skill level 21 in Stealth
   376 | D        | Killed a centaur warrior
   376 | D        | Reached XP level 9. HP: 44/44 MP: 10/10
   400 | D        | Paralysed by a hornet for 3 turns
   403 | D        | Mangled by a hornet
   404 | D        | Reached XP level 8. HP: -7/60 MP: 9/9
   422 | D        | Killed a hornet
   422 | D        | Reached skill level 10 in Dodging
   444 | D        | Noticed an oklob plant
   446 | D        | Killed an oklob plant
   446 | D        | Reached *** piety under Trog
   446 | D        | Reached skill level 22 in Stealth
   576 | D        | Reached XP level 9. HP: 45/45 MP: 10/10
   599 | D        | Noticed an unseen horror
   599 | D        | Noticed an unseen horror
   618 | D        | Killed an unseen horror
   618 | D        | Reached **** piety under Trog
   984 | D        | Killed an unseen horror
  1006 | D        | Reached skill level 10 in Fighting
  1006 | D        | Reached skill level 10 in Unarmed Combat
  1032 | D        | Reached ***** piety under Trog
  2017 | D        | Reached XP level 10. HP: 51/51 MP: 11/11
  2019 | D        | Reached ****** piety under Trog
  2040 | D        | Found Lesk's Food Shoppe.
  2040 | D        | Found Ytza's Antique Weapon Shop.
  2040 | D        | Found Raopity's Book Boutique.
  2042 | D        | Found Ifoat's Magic Scroll Emporium.
  2042 | D        | Found Usemuc's Armour Shop.
  2042 | D        | Found Ruol's Book Shoppe.
  2042 | D        | Found Lecwouz's Gadget Boutique.
  2042 | D        | Found Ethijar's Assorted Antiques.
  2042 | D        | Found Senauqoa's Antique Armour Shop.
  2042 | D        | Found Qickiaru's Jewellery Shoppe.
  2044 | D        | Found Luam's Antique Weapon Boutique.
  2051 | D        | Found Doiducun's Armour Emporium.
  2051 | D        | Found Ammefroiq's Magic Scroll Boutique.
  2052 | D        | Found Ymoetyv's Assorted Antiques.
  2054 | D        | Bought a wand of digging (15) for 532 gold pieces
  2060 | D        | Bought a scroll of identify for 20 gold pieces
  2069 | D        | Bought a peridot ring for 130 gold pieces
  2069 | D        | Bought a scroll of identify for 52 gold pieces
  2111 | D        | Noticed a deep troll
  2113 | D        | Killed a deep troll
  2113 | D        | Reached skill level 23 in Stealth
  2119 | D        | Noticed Sonja
  2130 | D        | Killed Sonja
  2151 | D        | Found Iteome's Armour Emporium.
  2174 | D        | Found Vanlirol's Antique Weapon Boutique.
  2436 | D        | Noticed a lindwurm
  2440 | D        | Killed a lindwurm
  2550 | D        | Noticed a 12-headed hydra
  2551 | D        | HP: 1/53 [12-headed hydra (13)]
  2552 | D        | Slain by a 12-headed hydra
  2553 | D        | Reached XP level 9. HP: -2/49 MP: 10/10
  2558 | D        | Killed a 12-headed hydra
  2558 | D        | Reached XP level 10. HP: 53/53 MP: 11/11
  2668 | D        | Bought the ring of Kuanaror {*Contam rElec rF+ rN+ SInv} for 514 gold pieces
  2777 | D        | Noticed a shadow dragon
  2777 | D        | Noticed a golden dragon
  2794 | D        | Killed from afar by a golden dragon
  2795 | D        | Reached XP level 9. HP: -10/49 MP: 10/10
  2865 | D        | Engulfed by a cloud of freezing vapour

Skill      XL: |  1  2  3  4  5  6  7  8  9 10 |
---------------+-------------------------------+-----
Stealth        | 8 12 16 20 22 23 | 23.2
Dodging        | 6 10 12 14 | 14.6
Fighting       | 5 8 10 12 | 12.0
Unarmed Combat | 5 9 10 12 | 12.8
Evocations     | |  1.1

Action                   |  1- 3 |  4- 6 |  7- 9 | 10-12 || total
-------------------------+-------+-------+-------+-------++-------
Melee: Unarmed           |     5 |    29 |    39 |    60 ||   133
       Bite              |       |     4 |     3 |    12 ||    19
       Punch             |       |     1 |     2 |     5 ||     8
Invok: Berserk           |       |       |     6 |     2 ||     8
       Brothers in Arms  |       |       |     3 |     8 ||    11
       Trog's Hand       |       |       |     1 |     4 ||     5
Evoke: Wand              |       |       |       |     7 ||     7
  Use: Potion            |     1 |     3 |       |     4 ||     8
       Scroll            |       |       |     2 |     3 ||     5
 Stab: Sleeping          |     2 |     3 |    15 |     4 ||    24
       Distracted        |       |       |       |     1 ||     1
  Eat: Chunk             |     3 |     3 |     7 |    15 ||    28
       Ration            |       |       |       |     1 ||     1
Armor: Skin              |       |       |     3 |     4 ||     7
Dodge: Dodged            |     3 |    12 |    22 |   175 ||   212
